 Dungeon Crawl Stone Soup version 0.27-a0-660-g90476cec82 (webtiles) character file.

Game seed: 7804215270845315416

301 shoop the Chopper (level 6, -3/54 HPs)
             Began as a Palentonga Abyssal Knight on Mar 16, 2021.
             Was a Believer of Lugonu.
             Killed from afar by Ijyb (14 damage)
             ... with a bolt of acid
             ... on level 3 of the Dungeon.
             The game lasted 00:09:15 (4730 turns).

shoop the Chopper (Palentonga Abyssal Knight)       Turns: 4730, Time: 00:09:15

Health: -3/54      AC:  5    Str: 17    XL:     6   Next: 14%
Magic:  6/7        EV: 10    Int: 12    God:    Lugonu [**....]
Gold:   202        SH:  7    Dex: 10    Spells: 5/5 levels left

rFire    + . .     SeeInvis +   a - +1 hand axe
rCold    . . .     Faith    .   h - +0 kite shield
rNeg     . . .     Spirit   .   b - +0 leather armour
rPois    .         Reflect  .   (no helmet)
rElec    .         Harm     .   (no cloak)
rCorr    .         Rampage  .   i - +0 pair of gloves
Will     .....                  (no barding)
Stlth    +.........             (no amulet)
HPRegen  0.18/turn              o - ring of protection from fire
MPRegen  0.10/turn              r - +4 ring of evasion

@: no status effects
A: large, rugged brown scales 3, see invisible, deformed body, roll 1, armoured
tail
a: Rolling Charge, Renounce Religion, Depart the Abyss, Bend Space


You were on level 3 of the Dungeon.
You worshipped Lugonu.
Lugonu was pleased with you.
You visited 1 branch of the dungeon, and saw 4 of its levels.
You visited the Abyss 1 time.

You collected 202 gold pieces.

Inventory:

Hand Weapons
 a - a +1 hand axe (weapon)
Missiles
 n - 14 poisoned darts
Armour
 b - a +0 leather armour (worn)
 h - a +0 kite shield (worn)
 i - a +0 pair of gloves (worn)
Jewellery
 d - a ring of protection from fire
 o - a ring of protection from fire (right hand)
 r - a +4 ring of evasion (left hand)
Wands
 m - a wand of digging (4)
Scrolls
 c - 4 scrolls of teleportation {unknown}
 f - a scroll of enchant weapon
 g - a scroll of enchant armour
 k - a scroll of fog
 l - 6 scrolls of magic mapping
 s - a scroll of blinking {unknown}
Potions
 e - 2 potions of flight
 j - a potion of lignification
 q - a potion of curing


   Skills:
 - Level 3.0 Fighting
 + Level 6.0 Axes
 - Level 1.5 Armour
 - Level 0.7 Dodging
 - Level 1.2 Shields
 + Level 2.2 Invocations
 + Level 0.5 Evocations


You had 5 spell levels left.
You didn't know any spells.
Your spell library was empty.

Dungeon Overview and Level Annotations

Branches:
Dungeon (4/15)
 Temple: D:4-7

Altars:
Sif Muna
Xom

Shops:
D:4 :

Annotations:
D:3 Ijyb


Innate Abilities, Weirdness & Mutations

You are completely covered in rugged brown scales. (AC +3, +7% HP)
You have supernaturally acute eyesight. (SInv)
Armour fits poorly on your strangely shaped body.
You can roll at nearby foes to attack.
You have a long armoured tail.


Message History

You climb upwards.
Level annotation: Ijyb
There is a stone staircase leading down here.
You start resting.
Ijyb is nearby!
Okay, then.
It was a potion of curing.
You feel better.
Okay, then.
Okay, then.
Roll where?
Press: ? - help, Dir - move target, f - Ijyb
Aim: Ijyb, wielding a +2 dagger of freezing, wearing a +2 leather armour of willpower and carrying a wand of acid (8)
You roll forward with a clatter of scales!
You slash Ijyb!
Ijyb is severely wounded.
You block Ijyb's attack.
You barely miss Ijyb.
Ijyb is severely wounded.
Ijyb zaps a wand.
The bolt of acid misses you.
You fail to use your ability.
Ijyb hits you with a +2 dagger of freezing.
Ijyb freezes you.
You fail to use your ability.
Ijyb hits you with a +2 dagger of freezing.
Ijyb freezes you. Space bends around you!
You blink.
Ijyb zaps a wand.
The bolt of acid hits you!
You are splashed with acid!
* * * LOW HITPOINT WARNING * * *
Unknown command.
Roll where?
Press: ? - help, Dir - move target, f/p - Ijyb
Aim: Ijyb, wielding a +2 dagger of freezing, wearing a +2 leather armour of willpower and carrying a wand of acid (6) (severely wounded)
You roll forward with a clatter of scales!
You completely miss Ijyb.
Ijyb is severely wounded.
You block Ijyb's attack.
You hit Ijyb. You tail-slap Ijyb.
Ijyb is almost dead.
Ijyb zaps a wand.
The bolt of acid hits you!
You die...

#...... #......
############......
#.................
#.##...#####......
#°##...# #......
#°##...# #......
#°##...# #....).
#@##...#####......
#>g........'......
######.#...#......
#.#...######.
#.#...# ##
##'#...# #
#......# #
#.o....# #....)>#
#####


You could see Ijyb.

Vanquished Creatures
  An orc priest (D:3)
  2 hounds (D:2)
  Jessica (D:3)
  An iguana (D:4)
  7 adders
  A gnoll (D:4)
  An ooze (D:1)
  2 dart slugs (D:3)
  A leopard gecko (D:3)
  4 orcs
  4 bats
  6 giant cockroaches
  10 goblins
  5 hobgoblins
  10 jackals
  5 kobolds
  A quokka (D:2)
  4 ball pythons (D:2)
  5 frilled lizards
  8 rats
79 creatures vanquished.

Vanquished Creatures (others)
  5 plants (D:1)
5 creatures vanquished.

Grand Total: 84 creatures vanquished

Notes
Turn   | Place    | Note
-------+----------+-------------------------------------------
     0 | Abyss:1  | shoop the Palentonga Abyssal Knight began the quest for the
                  | Orb.
     0 | Abyss:1  | Reached XP level 1. HP: 20/20 MP: 2/2
    30 | D:1      | Escaped the Abyss
   327 | D:1      | Reached XP level 2. HP: 27/27 MP: 3/3
   339 | D:1      | Reached skill level 3 in Axes
   635 | D:1      | Reached XP level 3. HP: 33/33 MP: 4/4
  1237 | D:2      | Reached ** piety under Lugonu
  1443 | D:2      | Found a shimmering altar of Xom.
  1621 | D:2      | Reached skill level 4 in Axes
  1621 | D:2      | Reached skill level 1 in Shields
  1621 | D:2      | Reached XP level 4. HP: 13/40 MP: 3/5
  3463 | D:3      | Reached XP level 5. HP: 36/48 MP: 6/6
  3795 | D:3      | Reached skill level 5 in Axes
  4237 | D:3      | Noticed Jessica
  4239 | D:3      | Killed Jessica
  4274 | D:3      | Noticed Ijyb
  4344 | D:2      | Reached skill level 6 in Axes
  4451 | D:4      | Found Fecil's Book Emporium.
  4475 | D:4      | Reached XP level 6. HP: 54/54 MP: 7/7
  4670 | D:4      | Found a shimmering blue altar of Sif Muna.
  4730 | D:3      | Killed from afar by Ijyb

Illustrated notes

Levels and vault maps discovered:
D:1:      lemuel_arrival_muddy, layout_rooms, serial_forest,
          infiniplex_forest_end_3, infiniplex_forest_lined_3,
          infiniplex_forest_diagonal, infiniplex_forest_pool,
          infiniplex_forest_straight_2, infiniplex_forest_clump_tiny,
          infiniplex_forest_end_3, infiniplex_forest_straight_5,
          interstate_on_off, chequers_serial_rivers_micro_b
D:2:      layout_basic, old_standard_altar
D:3:      layout_basic, grunt_temple_overflow_open, uniq_ijyb, uniq_jessica
D:4:      layout_loops_ring, gammafunk_temple_overflow_wave,
          lemuel_coloured_pillars_altar, nicolae_overflow_crystal_walls,
          serial_shops, nicolae_shop_trees

Skill      XL: |  1  2  3  4  5 |
---------------+----------------+-----
Axes           | 3 4 6 |  6.0
Shields        | 1 |  1.2
Fighting       | |  3.0
Armour         | |  1.5
Dodging        | |  0.7
Invocations    | |  2.2
Evocations     | |  0.5

Action                   |  1- 3 |  4- 6 || total
-------------------------+-------+-------++-------
Melee: Hand axe          |    89 |   140 ||   229
       Tailslap          |     8 |    11 ||    19
Invok: Bend Space        |     1 |     3 ||     4
 Abil: Rolling Charge    |    18 |    20 ||    38
  Use: Scroll            |       |     8 ||     8
       Potion            |       |     1 ||     1
Armor: Leather armour    |    23 |    42 ||    65
Dodge: Dodged            |    28 |    48 ||    76
Block: Kite shield       |     8 |    63 ||    71

Table legend: (Time is in decaauts)
 A = Elapsed time spent in this place.
 B = Non-inter-level travel time spent in this place.
 C = Inter-level travel time spent in this place.
 D = Time resting spent in this place.
 E = Time spent auto-exploring this place.
 F = Levels seen in this place.
 G = Mean time per level.
                   A        B        C        D        E       F      G
               +--------+--------+--------+--------+--------+-----+--------+
         Total |   4800 |   4714 |     86 |    767 |   3190 |   5 |  960.0 |
       Dungeon |   4770 |   4684 |     86 |    767 |   3162 |   4 | 1192.5 |
         Abyss |     30 |     30 |      0 |      0 |     28 |   1 |   30.0 |
               +--------+--------+--------+--------+--------+-----+--------+

Top non-repeatable levels by time:
     D:2: 2015 daAuts
     D:3: 1253 daAuts
     D:1: 1202 daAuts
     D:4: 299 daAuts
 Abyss:1: 30 daAuts
